 Dungeon Crawl Stone Soup version 0.26-a0-664-gc8b27b8fc1 (webtiles) character file.

Game seed: 13008028562950915891

(classic levelgen) 8871 EnegeticOcto the Cleaver (level 11, -3/100 HPs)
             Began as a Deep Dwarf Fighter on Oct 13, 2020.
             Was a Believer of Makhleb.
             Slain by a two-headed ogre
             ... wielding a cursed -3 giant club
              (9 damage)
             ... on level 10 of the Dungeon.
             The game lasted 00:03:36 (4877 turns).

EnegeticOcto the Cleaver (Deep Dwarf Fighter)       Turns: 4877, Time: 00:03:37

Health: -3/100     AC: 19    Str: 26    XL:     11   Next: 15%
Magic:  2/12       EV:  6    Int:  8    God:    Makhleb [**....]
Gold:   397        SH: 12    Dex: 18    Spells: 10/10 levels left

rFire    x . .     SeeInvis .   B - +2 war axe (vamp)
rCold    . . .     Faith    .   c - +0 kite shield
rNeg     . . .     Spirit   .   t - +0 plate armour
rPois    .         Reflect  .   l - +0 helmet
rElec    .         Harm     .   (no cloak)
rCorr    .         Rampage  .   q - +1 pair of gloves
MR       +....                  i - +0 pair of boots
Stlth    ..........             (no amulet)
HPRegen  0.00/turn              j - ring of Charity {+Fly rF- Str+2 Slay+2}
MPRegen  0.13/turn              u - +6 ring of dexterity

@: non-regenerating
A: damage resistance, heal wounds, sense surroundings 2, no regeneration
a: Heal Wounds, Minor Destruction, Renounce Religion, Evoke Flight


You were on level 10 of the Dungeon.
You worshipped Makhleb.
Makhleb was pleased with you.
You visited 2 branches of the dungeon, and saw 11 of its levels.

You collected 397 gold pieces.

Inventory:

Hand Weapons
 a - a +0 war axe
 B - a +2 vampiric war axe (weapon)
Missiles
 y - 2 throwing nets (quivered)
Armour
 c - a +0 kite shield (worn)
 i - a +0 pair of boots (worn)
 l - a +0 helmet (worn)
 q - a +1 pair of gloves (worn)
 t - a +0 plate armour (worn)
Jewellery
 j - the ring of Charity (left hand) {+Fly rF- Str+2 Slay+2}
   (You found it on level 5 of the Dungeon)

   [ring of flight]

   It affects your strength (+2).
   It affects your accuracy and damage with ranged weapons and melee attacks
   (+2).
   It makes you vulnerable to fire.
   It lets you fly.
 u - a +6 ring of dexterity (right hand)
Wands
 g - a wand of enslavement (6)
 w - a wand of acid (9) {@v1}
Scrolls
 b - a scroll of enchant armour
 h - 4 scrolls of teleportation {@r3}
 n - 5 scrolls of remove curse {@r2}
 v - a scroll of magic mapping {unknown}
 C - a scroll of identify {@r1}
Potions
 d - 3 potions of might {@q3}
 e - a potion of haste {unknown}
 f - 3 potions of magic {unknown}
 k - 4 potions of flight
 m - 3 potions of brilliance
 o - a potion of curing {@q1}
 p - a potion of degeneration {unknown}
 r - 4 potions of heal wounds {@q2}
 s - a potion of lignification {unknown}
 x - a potion of berserk rage
 z - a potion of resistance {unknown}
 A - a potion of ambrosia {unknown}


   Skills:
 + Level 7.4 Fighting
 * Level 11.6 Axes
 + Level 8.9 Armour
 + Level 8.8 Shields
 + Level 6.5 Invocations


You had 10 spell levels left.
You didn't know any spells.
Your spell library was empty.

Dungeon Overview and Level Annotations

Branches:
Dungeon (10/15)            Temple (1/1) D:7
   Lair: D:8-11         Orc: D:9-12

Altars:
Ashenzari
Cheibriados
Dithmenos
Elyvilon
Fedhas
Gozag
Hepliaklqana
Kikubaaqudgha
Makhleb
Nemelex Xobeh
Okawaru
Qazlal
Ru
Sif Muna
Trog
Uskayaw
Vehumet
Wu Jian
Xom
Yredelemnul
Zin
The Shining One

Shops:
D:5 [   D:7 *   D:8 (


Innate Abilities, Weirdness & Mutations

You are resistant to damage.
You can heal yourself by infusing magical energy.
You passively map the area around you.
You do not regenerate.


Message History

You hit the two-headed ogre.
You feel better.
You barely miss the ogre. You slash the two-headed ogre!
You feel better.
The ogre mage points at the two-headed ogre and mumbles some strange words.
The two-headed ogre seems to speed up.
You block the ogre's attack. The two-headed ogre barely misses you.
The two-headed ogre hits you but does no damage.
The two-headed ogre barely misses you.
The two-headed ogre hits you but does no damage.
The ogre mage hits you but does no damage.
You slash Erica!
You feel better.
You kill Erica!
Makhleb accepts your kill.
You hit the two-headed ogre.
You feel better.
You hit the ogre.
You feel better.
You slash the two-headed ogre! You block the two-headed ogre's attack.
The two-headed ogre hits you with a +0 giant club.
The two-headed ogre hits you with a +0 giant spiked club!!
You block the two-headed ogre's attack. The ogre mage barely misses you.
You block the ogre's attack.
You hit the two-headed ogre.
You feel better.
The two-headed ogre is heavily wounded.
Your plate armour prevents you from hitting the two-headed ogre.
You hit the ogre. The two-headed ogre closely misses you.
You block the two-headed ogre's attack.
The ogre mage points at the ogre and mumbles some strange words.
The ogre seems to speed up.
The ogre barely misses you.
You block the two-headed ogre's attack. x2; The ogre mage barely misses you.
You hit the two-headed ogre.
The two-headed ogre is heavily wounded.
You slash the ogre! You hit the two-headed ogre.
You feel better. The two-headed ogre barely misses you.
The two-headed ogre hits you but does no damage.
You block the ogre's attack. The two-headed ogre closely misses you.
The two-headed ogre barely misses you.
The ogre mage hits you from afar with a +0 halberd!
You completely miss the ogre.
The ogre is almost dead.
You hit the two-headed ogre.
You feel better.
You barely miss the two-headed ogre. The two-headed ogre barely misses you.
The two-headed ogre hits you with a +0 giant club.
The ogre mage barely misses you. You block the ogre's attack.
You block the two-headed ogre's attack.
The two-headed ogre hits you with a cursed +0 giant club.
The two-headed ogre hits you but does no damage.
The two-headed ogre barely misses you.
Your plate armour prevents you from hitting the ogre.
The ogre is almost dead.
You hit the two-headed ogre but do no damage.
You hit the two-headed ogre.
The ogre mage hits you but does no damage.
The ogre hits you with a +0 giant club!
The two-headed ogre hits you with a +0 giant spiked club!
You block the two-headed ogre's attack. The two-headed ogre barely misses you.
The two-headed ogre hits you with a +0 giant club.
You slash the ogre!
You feel better.
You kill the ogre!
Makhleb accepts your kill.
You feel better.
You slash the two-headed ogre! You hit the two-headed ogre.
The ogre mage gestures at you while chanting.
The bolt of lightning hits you!
The two-headed ogre hits you with a +0 giant spiked club!
The two-headed ogre barely misses you.
You block the two-headed ogre's attack. x2
The ogre mage hits you but does no damage.
You are too injured to fight recklessly!
You are too injured to fight recklessly!
You are too injured to fight recklessly!
You are too injured to fight recklessly!
You are too injured to fight recklessly!
You are too injured to fight recklessly!
You are too injured to fight recklessly!
You are too injured to fight recklessly!
You are too injured to fight recklessly!
You are too injured to fight recklessly!
You are too injured to fight recklessly!
You are too injured to fight recklessly!
You are too injured to fight recklessly!
You are too injured to fight recklessly!
You are too injured to fight recklessly!
You are too injured to fight recklessly!
You are too injured to fight recklessly!
You are too injured to fight recklessly!
You are too injured to fight recklessly!
You are too injured to fight recklessly!
You are too injured to fight recklessly!
You are too injured to fight recklessly!
You are too injured to fight recklessly!
You are too injured to fight recklessly!
You feel much better.
The two-headed ogre hits you with a +0 giant spiked club!!
* * * LOW HITPOINT WARNING * * *
You block the two-headed ogre's attack.
The two-headed ogre hits you but does no damage.
The two-headed ogre hits you with a +0 giant club!!
* * * LOW HITPOINT WARNING * * *
You block the ogre mage's attack.
The two-headed ogre hits you with a +0 giant spiked club!
* * * LOW HITPOINT WARNING * * *
The two-headed ogre hits you but does no damage. x2
The two-headed ogre hits you with a +0 giant club!
You die...

, , , * * *,
.., , ###.. **
* ####...## *
#......<# *
#.......# , *
#.......# , ,,
#....O..# , , *
#...)@).# ,
,,..###...O.O.#
,,#........>.?#
,, ####..<....#
, #.......# * *
* #########


You could see 2 two-headed ogres and an ogre mage (fast).

Vanquished Creatures
  Harold (D:8)
  Erica (D:10)
  2 two-headed ogres
  Pikel (D:8)
  5 yaks (D:9)
  2 wyverns
  A steam dragon (D:9)
  Menkaure (D:6)
  3 water moccasins
  2 black bears
  An eye of draining (D:10)
  5 sky beasts
  2 orc warriors
  2 ice beasts
  2 ogres
  6 centaurs
  A big kobold (D:8)
  8 bullfrogs
  2 scorpions
  4 killer bees (D:9)
  2 howler monkeys (D:7)
  7 wights
  A quasit (D:8)
  6 hounds
  3 jellies
  2 orc priests (D:8)
  A bullfrog skeleton (D:9)
  A centaur skeleton (D:5)
  6 iguanas
  5 orc wizards
  Natasha (twice) (D:2)
  8 worker ants
  2 hound zombies
  4 gnolls (D:8)
  5 adders
  3 shadow imps
  3 white imps
  4 ufetubi
  An ooze (D:6)
  An adder skeleton (D:4)
  3 adder zombies
  4 worms
  2 dart slugs
  4 leopard geckos
  18 orcs
  3 bats
  4 giant cockroaches
  2 goblins
  A hobgoblin (D:3)
  3 jackals (D:8)
  4 quokkas
  4 frilled lizards
  A jackal skeleton (D:4)
  A jackal zombie (D:5)
  3 kobolds (D:8)
  3 leopard gecko skeletons
  A quokka skeleton (D:5)
  5 rats
  A spectral orc (D:9)
186 creatures vanquished.

Notes
Turn   | Place    | Note
-------+----------+-------------------------------------------
     0 | D:1      | EnegeticOcto the Deep Dwarf Fighter began the quest for the
                  | Orb.
     0 | D:1      | Reached XP level 1. HP: 20/20 MP: 1/1
   166 | D:1      | Reached XP level 2. HP: 24/27 MP: 2/2
   189 | D:2      | Noticed Natasha
   202 | D:2      | Killed Natasha
   202 | D:2      | Reached skill level 3 in Axes
   202 | D:2      | Reached XP level 3. HP: 19/34 MP: 3/3
   215 | D:2      | Noticed Natasha
   227 | D:2      | Killed Natasha
   295 | D:2      | Reached XP level 4. HP: 38/42 MP: 4/4
   815 | D:4      | Reached skill level 4 in Axes
   815 | D:4      | Reached XP level 5. HP: 35/49 MP: 5/5
  1027 | D:5      | Entered Level 5 of the Dungeon
  1027 | D:5      | Noticed a sky beast
  1048 | D:5      | Killed a sky beast
  1048 | D:5      | Reached XP level 6. HP: 33/57 MP: 6/6
  1067 | D:5      | Found Sayroiq's Armour Shoppe.
  1115 | D:5      | Noticed a sky beast
  1126 | D:5      | Killed a sky beast
  1126 | D:5      | Reached skill level 5 in Axes
  1157 | D:5      | Reached XP level 7. HP: 61/64 MP: 7/7
  1234 | D:5      | Reached skill level 5 in Armour
  1234 | D:5      | Reached skill level 5 in Shields
  1376 | D:5      | Reached skill level 6 in Axes
  1476 | D:5      | Found a hazy altar of Hepliaklqana.
  1479 | D:5      | Found a white marble altar of Elyvilon.
  1508 | D:5      | Found a bloodstained altar of Trog.
  1509 | D:5      | Found a sparkling altar of Nemelex Xobeh.
  1509 | D:5      | Found an ornate altar of the Wu Jian Council.
  1509 | D:5      | Found a white marble altar of Elyvilon.
  1509 | D:5      | Found a shadowy altar of Dithmenos.
  1513 | D:5      | Found a blossoming altar of Fedhas.
  1546 | D:5      | You fall into a shaft and drop 3 floors!
  1605 | D:7      | Found a shimmering blue altar of Sif Muna.
  1758 | D:6      | Reached XP level 8. HP: 51/73 MP: 8/8
  1803 | D:6      | Reached skill level 7 in Axes
  1872 | D:5      | Got a coiled gossamer ring
  1889 | D:5      | Identified the ring of Charity {+Fly rF- Str+2 Slay+2} (You
                  | found it on level 5 of the Dungeon)
  1973 | D:6      | Reached skill level 5 in Fighting
  2103 | D:6      | Noticed Menkaure
  2116 | D:6      | Killed Menkaure
  2116 | D:6      | Reached skill level 8 in Axes
  2176 | D:6      | Found a sacrificial altar of Ru.
  2229 | D:6      | Found a snail-covered altar of Cheibriados.
  2473 | D:7      | Gained mutation: You passively map the area around you.
                  | [Deep Dwarf growth]
  2473 | D:7      | Reached XP level 9. HP: 67/81 MP: 8/8
  2689 | D:7      | Found a staircase to the Ecumenical Temple.
  2747 | Temple   | Entered the Ecumenical Temple
  2817 | Temple   | Became a worshipper of Makhleb the Destroyer
  2988 | D:7      | Found Gozag's Platinum Reserve.
  2993 | D:7      | Found an opulent altar of Gozag.
  3127 | D:8      | Reached skill level 1 in Invocations
  3170 | D:8      | Reached skill level 9 in Axes
  3177 | D:8      | Noticed Pikel
  3181 | D:8      | Paralysed by Pikel for 4 turns
  3192 | D:8      | Killed Pikel
  3479 | D:8      | Found Fiucuph's Weapon Boutique.
  3549 | D:8      | Noticed Harold
  3552 | D:8      | Paralysed by Harold for 7 turns
  3575 | D:8      | Killed Harold
  3575 | D:8      | Reached skill level 10 in Axes
  3575 | D:8      | Reached XP level 10. HP: 81/92 MP: 8/10
  3624 | D:8      | Reached * piety under Makhleb
  4014 | D:8      | Found a stormy altar of Qazlal.
  4014 | D:8      | Found an opulent altar of Gozag.
  4294 | D:9      | Reached skill level 5 in Invocations
  4300 | D:9      | Noticed a two-headed ogre
  4314 | D:9      | Killed a two-headed ogre
  4470 | D:9      | Found a basalt altar of Yredelemnul.
  4732 | D:9      | Reached skill level 11 in Axes
  4741 | D:9      | Reached ** piety under Makhleb
  4852 | D:10     | Entered Level 10 of the Dungeon
  4852 | D:10     | Noticed Erica
  4853 | D:10     | Noticed a two-headed ogre
  4854 | D:10     | Noticed an ogre mage
  4859 | D:10     | Noticed a two-headed ogre
  4859 | D:10     | Noticed a two-headed ogre
  4867 | D:10     | Killed a two-headed ogre
  4867 | D:10     | Reached XP level 11. HP: 57/100 MP: 0/12
  4870 | D:10     | Killed Erica
  4877 | D:10     | Slain by a two-headed ogre

Illustrated notes

Levels and vault maps discovered:
D:1:      dpeg_arrival_shelter, layout_rooms
D:2:      wad_lake_hut, layout_basic, minmay_unequal, uniq_natasha
D:3:      layout_basic
D:4:      layout_cave_pools, grunt_tough_drop
D:5:      minmay_recursive_quarters, layout_rooms, minitemple, serial_shops,
          shop, basic_altar, minmay_misc_feat_room,
          minmay_misc_feat_secret_circle
D:6:      layout_loops_cross, lemuel_crystal_altar, lemuel_crystal_altar,
          uniq_menkaure
D:7:      layout_gridville, lemuel_round_altar, temple_statues,
          nicolae_gozag_zags_fifth_avenue
D:8:      layout_layer_cave, gammafunk_temple_overflow_pools, serial_shops,
          kennysheep_mini, minmay_chambers_of_fives, uniq_pikel, uniq_harold
D:9:      layout_small_grid, yredelemnul_forgotten_temple_becter, st_stairs_4,
          hangedman_glass_garden
D:10:     layout_roguey, david_lair_shrubbed, uniq_erica
Temple:   compressed_dpeg_triangle_lava_temple

Skill      XL: |  1  2  3  4  5  6  7  8  9 10 |
---------------+-------------------------------+-----
Fighting       | 3 4 5 6 7 |  7.4
Axes           | 3 4 5 6 8 10 11 | 11.6
Armour         | 4 5 6 7 8 |  8.9
Shields        | 4 5 6 7 8 |  8.8
Invocations    | 4 6 |  6.5

Action                   |  1- 3 |  4- 6 |  7- 9 | 10-12 || total
-------------------------+-------+-------+-------+-------++-------
Melee: War axe           |    50 |   111 |   347 |   187 ||   695
 Abil: Heal Wounds       |     1 |     3 |     6 |     1 ||    11
  Use: Scroll            |       |     7 |       |       ||     7
       Potion            |       |       |     1 |     1 ||     2
Armor: Chain mail        |    30 |    42 |       |       ||    72
       Scale mail        |     2 |       |       |       ||     2
       Plate armour      |       |    29 |   203 |   109 ||   341
Dodge: Dodged            |    18 |    10 |    51 |    45 ||   124
Block: Kite shield       |    21 |    64 |   193 |   120 ||   398

Table legend: (Time is in decaauts)
 A = Elapsed time spent in this place.
 B = Non-inter-level travel time spent in this place.
 C = Inter-level travel time spent in this place.
 D = Time resting spent in this place.
 E = Time spent auto-exploring this place.
 F = Levels seen in this place.
 G = Mean time per level.
                   A        B        C        D        E       F      G
               +--------+--------+--------+--------+--------+-----+--------+
         Total |   5002 |   4746 |    256 |      0 |   3335 |  11 |  454.7 |
       Dungeon |   4917 |   4697 |    220 |      0 |   3287 |  10 |  491.7 |
        Temple |     85 |     50 |     35 |      0 |     48 |   1 |   85.0 |
               +--------+--------+--------+--------+--------+-----+--------+

Top non-repeatable levels by time:
     D:8: 1021 daAuts
     D:9: 765 daAuts
     D:7: 739 daAuts
     D:6: 653 daAuts
     D:5: 639 daAuts
     D:4: 551 daAuts
     D:1: 200 daAuts
     D:2: 165 daAuts
     D:3: 156 daAuts
  Temple: 85 daAuts
    D:10: 24 daAuts
